 Dungeon Crawl Stone Soup version 0.31-a0-234-gad7ace16ef (webtiles) character file.

Game seed: 7543946668768230144

122 qw the Shooter (level 5, -1/30 HPs)
             Began as a Gargoyle Hexslinger on July 9, 2023.
             Slain by an orc priest
             ... wielding a +2 dagger of protection
              (3 damage)
             ... on level 3 of the Dungeon.
             The game lasted 00:00:56 (1545 turns).

qw the Shooter (Gargoyle Hexslinger)                Turns: 1545, Time: 00:00:57

Health: -1/30      AC:  7    Str: 17    XL:     5   Next: 6%
Magic:  6/6        EV: 11    Int: 13    God:
Gold:   106        SH:  0    Dex: 14    Spells: 5/6 levels left

rFire   + . .        Y - +2 sling
rCold   . . .        (no shield)
rNeg    + . .        e - +1 leather armour {rPois}
rPois   inf          (no helmet)
rElec   +            (no cloak)
rCorr   .            (no gloves)
SInv    .            a - -2 pair of boots of the Snake Pit {Str+5}
Will    .....        (no amulet)
Stlth   +            i - ring of protection from fire
HPRegen 0.25/turn    (no ring)
MPRegen 0.10/turn

%: no passive effects
@: about to teleport
A: sickness immunity, AC +4, negative energy resistance 1, electricity
resistance, torment resistance 1, petrification resistance
a: no special abilities


You were on level 3 of the Dungeon.
You visited 1 branch of the dungeon, and saw 3 of its levels.

You collected 106 gold pieces.


Innate Abilities, Weirdness & Mutations

You are immune to sickness and miasma.
Your stone body is resilient. (AC +4)
You are immune to poison.
You resist negative energy. (rN+)
You are resistant to electric shocks. (rElec)
You are resistant to unholy torment.
You are immune to petrification.


   Skills:
 - Level 2.0 Fighting
 + Level 4.8 Ranged Weapons
 - Level 1.5 Dodging
 - Level 1.0 Spellcasting
 - Level 2.6 Hexes


You had 5 spell levels left.
You knew the following spells:

 Your Spells              Type           Power      Damage    Failure   Level
a - Slow                  Hex            28%        N/A       12%         1

Your spell library contained the following spells:

 Spells                   Type           Power      Damage    Failure   Level
 Inner Flame              Hex/Fire       4%         N/A       52%         3
 Portal Projectile        Hex/Tloc       8%         N/A       52%         3
 Cause Fear               Hex            3%         N/A       75%         4

Inventory:

Hand Weapons
 Y - a +2 sling (weapon)
Armour
 a - the -2 pair of boots of the Snake Pit (worn) {Str+5}
   (You acquired it on level 1 of the Dungeon)

   Str:       It affects your strength (+5).
 e - a +1 leather armour of poison resistance (worn)
Jewellery
 i - a ring of protection from fire (left hand)
Scrolls
 b - 2 scrolls of teleportation
 f - a scroll of identify
Potions
 c - a potion of enlightenment {unknown}
 d - a potion of curing {unknown}
 g - a potion of might {unknown}
 h - a potion of heal wounds {unknown}
 j - a potion of berserk rage {unknown}
 k - a potion of brilliance {unknown}

Dungeon Overview and Level Annotations

Branches:
Dungeon (3/15)

Altars:
Elyvilon

Shops:
D:1 [


Message History

You shoot a sling bullet. The sling bullet barely misses the orc.
The orc misses you.
You shoot a sling bullet.
The sling bullet hits the orc but does no damage.
The orc is almost dead.
The orc hits you with a +0 hand axe.
You shoot a sling bullet.
The sling bullet hits the orc but does no damage.
The orc is almost dead.
The orc barely misses you.
The orc priest calls down the wrath of Beogh upon you.
Beogh smites you! The orc closely misses you.
You shoot a sling bullet.
The sling bullet hits the orc but does no damage.
The orc is almost dead.
The orc priest hits you with a +2 dagger of protection.
The orc hits you with a +0 hand axe.
You shoot a sling bullet.
The sling bullet completely misses the orc.
The orc priest looks encouraged for a moment.
The orc hits you with a +0 hand axe.
You shoot a sling bullet.
The sling bullet closely misses the orc.
The orc priest closely misses you. The orc barely misses you.
You shoot a sling bullet. The sling bullet barely misses the orc.
The orc priest hits you with a +2 dagger of protection.
The orc barely misses you.
1543 ||| READING 3 scrolls of teleportation.
As you read the scroll of teleportation, it crumbles to dust.
You feel strangely unstable.
The orc priest hits you with a +2 dagger of protection.
The orc hits you but does no damage.
You shoot a sling bullet.
The sling bullet closely misses the orc.
The orc priest hits you with a +2 dagger of protection.
The orc closely misses you.
You shoot a sling bullet. The sling bullet hits the orc.
You kill the orc!
The orc priest hits you with a +2 dagger of protection.
You die...

#.......#
#.......######.#
#.......##.....#
#(......##.....#
#.......##.....#
#.......##....%#
#!......##.....#
#.......##.....#
####.#####...)@#
#.#####..##o#
#.#......##.#
###
#...##..###.#
..# ##..###.##
#)# ..###...#
#.# #.#
........# ..#
#.#
.......###.##
#.# .###...# #.


You could see an orc priest.

Vanquished Creatures
  An orc priest (D:3)
  2 adders
  2 dart slugs
  2 orcs (D:3)
  4 ball pythons
  8 bats
  3 endoplasms
  5 giant cockroaches
  7 goblins
  5 hobgoblins
  6 jackals
  4 kobolds
  5 quokkas
  4 frilled lizards
  9 rats
67 creatures vanquished.

Notes
Turn   | Place    | Note
-------+----------+-------------------------------------------
     0 | D:1      | qw the Gargoyle Hexslinger began the quest for the Orb.
     0 | D:1      | Reached XP level 1. HP: 12/12 MP: 2/2
     0 | D:1      | 0 ||| qw: Version: 0.3-a-51-g015441d
     0 | D:1      | 0 ||| qw: Game counter: 4238
     0 | D:1      | 0 ||| qw: Melee chars always use a shield: true
     0 | D:1      | 0 ||| qw: God list: Okawaru
     0 | D:1      | 0 ||| qw: Allow faded altars: false
     0 | D:1      | 0 ||| qw: Do Orc after clearing Dungeon:15 true
     0 | D:1      | 0 ||| qw: Do second Lair branch before Depths: true
     0 | D:1      | 0 ||| qw: Lair rune preference: random
     0 | D:1      | 0 ||| qw: Goals: Normal
     0 | D:1      | 0 ||| PLANNING D:1-11
   131 | D:1      | Reached XP level 2. HP: 16/16 MP: 3/3
   151 | D:1      | Found Jokhlumasm's Antique Armour Emporium.
   154 | D:1      | 154 ||| SHOPLISTING cloak (99 gold, have 11).
   154 | D:1      | 154 ||| SHOPLISTING glowing ring mail (154 gold, have 11).
   154 | D:1      | 154 ||| SHOPLISTING leather armour (44 gold, have 11).
   154 | D:1      | 154 ||| SHOPLISTING runed leather armour (110 gold, have
                  | 11).
   214 | D:1      | Reached skill level 3 in Ranged Weapons
   306 | D:1      | Reached XP level 3. HP: 21/21 MP: 4/4
   551 | D:1      | 551 ||| UPGRADING to +1 leather armour of poison
                  | resistance.
   561 | D:1      | 561 ||| DROPPING +0 robe.
   562 | D:1      | 562 ||| READING scroll labelled RANOSI OZAUBEO.
   567 | D:1      | 567 ||| READING scroll labelled XIENALI KEEWKU.
   668 | D:1      | 668 ||| READING scroll labelled ELENKI ONNUNG.
   669 | D:1      | 669 ||| READING scroll labelled PUDWEXK TACIE.
   669 | D:1      | Identified a scroll of acquirement
   669 | D:1      | 669 ||| ACQUIRING -2 pair of boots of the Snake Pit {Str+5}
   669 | D:1      | Acquired the -2 pair of boots of the Snake Pit {Str+5}
   671 | D:1      | 671 ||| UPGRADING to -2 pair of boots of the Snake Pit
                  | {Str+5}.
   676 | D:1      | 676 ||| READING scroll labelled DUME LIDUAC.
   677 | D:1      | 677 ||| READING scroll labelled USECRI BUGGAR.
   678 | D:1      | 678 ||| DRINKING 2 bubbling white potions.
   679 | D:1      | 679 ||| DROPPING scroll of poison.
   680 | D:1      | 680 ||| DROPPING potion of invisibility.
  1000 | D:2      | Found a white marble altar of Elyvilon.
  1058 | D:2      | 1058 ||| Stepping ~*~*~tactically~*~*~ (outnumbered).
  1060 | D:2      | Reached XP level 4. HP: 26/26 MP: 5/5
  1075 | D:2      | Reached skill level 4 in Ranged Weapons
  1389 | D:2      | 1389 ||| UPGRADING to ring of protection from fire.
  1532 | D:3      | Reached XP level 5. HP: 30/30 MP: 6/6
  1542 | D:3      | HP: 7/30 [orc priest/+2 dagger of protection (3)]
  1543 | D:3      | 1543 ||| READING 3 scrolls of teleportation.
  1544 | D:3      | HP: 1/30 [orc priest/+2 dagger of protection (4)]
  1545 | D:3      | Slain by an orc priest

Levels and vault maps discovered:
D:1:      dpeg_arrival_snail, layout_rooms, serial_shops,
          nicolae_shop_behind_doors, minmay_heptomino_l4
D:2:      layout_basic, basic_altar
D:3:      layout_rooms, kennysheep_jessica_study

Skill      XL: |  1  2  3  4 |
---------------+-------------+-----
Ranged Weapons | 3 4 |  4.8
Fighting       | 2 |  2.0
Dodging        | |  1.5
Spellcasting   | |  1.0
Hexes          | |  2.6

Action                     |  1- 3 |  4- 6 || total
---------------------------+-------+-------++-------
   Fire: Sling             |   159 |    77 ||   236
    Use: Scroll            |     6 |     1 ||     7
         Potion            |     1 |       ||     1
 Armour: Robe              |    18 |       ||    18
         Leather armour    |     7 |    23 ||    30
  Dodge: Dodged            |    59 |    40 ||    99

Table legend:
 A = Non-vault XP
 B = Vault XP
 C = Vault XP percentage of total XP
 D = Non-vault monster count
 E = Vault monster count
 F = Vault count percentage of total count
                 A         B        C        D         E       F
            +---------+---------+-------+---------+---------+-------
      Total |     172 |       6 |   3.4 |      64 |       3 |   4.5
            +---------+---------+-------+---------+---------+-------
        D:1 |      48 |       6 |  11.1 |      29 |       3 |   9.4
        D:2 |      52 |       0 |   0.0 |      24 |       0 |   0.0
        D:3 |      72 |       0 |   0.0 |      11 |       0 |   0.0
            +---------+---------+-------+---------+---------+-------
